 Dungeon Crawl Stone Soup version 0.29-a0-350-g7790a0e70a (webtiles) character file.

Game seed: 937222430894978816

6050 Shayle the Fighter (level 10, -4/64 HPs)
             Began as a Tengu Brigand on Apr 22, 2022.
             Was an Initiate of Gozag.
             Slain by a molten gargoyle
             ... wielding a +0 mace
              (13 damage)
             ... on level 9 of the Dungeon.
             The game lasted 00:34:05 (10161 turns).

Shayle the Fighter (Tengu Brigand)                 Turns: 10161, Time: 00:34:06

Health: -4/64      AC: 11    Str: 12    XL:     10   Next: 87%
Magic:  18/18      EV: 17    Int: 22    God:    Gozag
Gold:   20         SH:  0    Dex: 15    Spells: 5/19 levels left

rFire   . . .      SeeInvis .   l - +3 dagger (elec)
rCold   . . .      Faith    .   (no shield)
rNeg    . . .      Spirit   .   A - +2 leather armour {rPois}
rPois   +          Reflect  .   (helmet restricted)
rElec   .          Harm     .   c - +0 cloak
rCorr   .          Rampage  .   t - +0 pair of gloves
Will    .....                   (boots unavailable)
Stlth   ++........              (no amulet)
HPRegen 0.20/turn               h - +6 ring of intelligence
MPRegen 0.16/turn               H - +4 ring of protection

@: mighty, brilliant, gold aura, flying quickly and evasively, invisible, quick
A: beak, talons 3, nimble flight
a: Renounce Religion, Potion Petition, Call Merchant, Bribe Branch


You were on level 9 of the Dungeon.
You worshipped Gozag.
Gozag was noncommittal.
You visited 2 branches of the dungeon, and saw 11 of its levels.

You collected 1442 gold pieces.
You paid 1422 gold pieces to Gozag.

Inventory:

Hand Weapons
 a - a +2 dagger
 l - a +3 dagger of electrocution (weapon)
 v - a +2 dagger of venom
 C - a +1 scythe of flaming
Missiles
 d - 31 poisoned darts (quivered)
 e - 4 curare-tipped darts
Armour
 c - a +0 cloak (worn)
 t - a +0 pair of gloves (worn)
 z - a +2 leather armour of cold resistance
 A - a +2 leather armour of poison resistance (worn)
 U - a +2 ring mail of willpower
Jewellery
 h - a +6 ring of intelligence (left hand)
 H - a +4 ring of protection (right hand)
 L - a ring of poison resistance
 M - an amulet of magic regeneration
Wands
 k - a wand of flame (7)
 T - a wand of paralysis (3)
Scrolls
 f - 4 scrolls of teleportation
 g - 2 scrolls of magic mapping {unknown}
 i - 7 scrolls of noise
 j - a scroll of fog {unknown}
 q - a scroll of blinking {unknown}
 s - a scroll of enchant weapon {unknown}
 u - a scroll of enchant armour {unknown}
 B - a scroll of immolation {unknown}
 F - 2 scrolls of vulnerability {unknown}
 G - 3 scrolls of silence {unknown}
 K - 2 scrolls of brand weapon {unknown}
 P - 3 scrolls of identify
 R - 2 scrolls of summoning {unknown}
Potions
 m - 3 potions of lignification
 n - 3 potions of flight
 o - a potion of curing
 p - a potion of degeneration {unknown}
 w - a potion of berserk rage {unknown}
 x - 4 potions of haste
 E - 3 potions of attraction {unknown}
 I - 2 potions of mutation {unknown}
 J - 2 potions of brilliance {unknown}
 O - a potion of magic {unknown}
 S - a potion of might {unknown}


   Skills:
 + Level 8.0 Fighting
 - Level 2.1 Short Blades
 - Level 2.0 Throwing
 - Level 6.4 Dodging
 - Level 4.0 Stealth
 - Level 5.3 Spellcasting
 + Level 6.3 Conjurations
 - Level 4.0 Transmutations
 + Level 6.3 Air Magic
 + Level 4.7 Poison Magic
 + Level 4.7 Evocations


You had 5 spell levels left.
You knew the following spells:

 Your Spells              Type           Power      Damage    Failure   Level
a - Beastly Appendage     Tmut           70%        N/A       2%          1
b - Wereblood             Tmut           35%        N/A       3%          2
c - Mephitic Cloud        Conj/Pois/Air  47%        N/A       3%          3
d - Ignite Poison         Fire/Tmut/Pois 28%        N/A       11%         3
e - Freezing Cloud        Conj/Ice/Air   18%        6-21      52%         5

Your spell library contained the following spells:

 Spells                   Type           Power      Damage    Failure   Level
 Spider Form              Tmut/Pois      38%        N/A       6%          3
 Passwall                 Tmut/Erth      18%        N/A       9%          2
 Stone Arrow              Conj/Erth      58%        3d10      10%         3
 Animate Skeleton         Necr           16%        N/A       13%         1
 Pain                     Necr           32%        1d5       13%         1
 Sandblast                Erth           16%        2d6       13%         1
 Blink                    Tloc           16%        N/A       19%         2
 Gell's Gravitas          Tloc           8%         N/A       36%         3
 Lesser Beckoning         Tloc           8%         N/A       36%         3
 Ozocubu's Armour         Ice            8%         N/A       36%         3
 Teleport Other           Tloc           8%         N/A       36%         3
 Vampiric Draining        Necr           8%         2d6       36%         3
 Animate Armour           Summ/Erth      16%        N/A       77%         4
 Manifold Assault         Tloc           8%         N/A       98%         5
 Metabolic Englaciation   Hex/Ice        4%         N/A       98%         5
 Summon Forest            Summ/Tloc      4%         N/A       98%         5
 Summon Mana Viper        Hex/Summ       8%         N/A       98%         5
 Simulacrum               Ice/Necr       4%         N/A       100%        6
 Summon Cactus Giant      Summ           4%         N/A       100%        6
 Lehudib's Crystal Spear  Conj/Erth      14%        10d5      100%        8
 Chain Lightning          Conj/Air       25%        3d33      100%        9
 Fire Storm               Conj/Fire      14%        8d4       100%        9
 Shatter                  Erth           4%         3d7*      100%        9


Dungeon Overview and Level Annotations

Branches:
Dungeon (10/15)            Temple (1/1) D:4            Lair (0/6) D:10
    Orc: D:9-12

Altars:
Ashenzari
Cheibriados
Dithmenos
Elyvilon
Fedhas
Gozag
Hepliaklqana
Kikubaaqudgha
Makhleb
Nemelex Xobeh
Okawaru
Qazlal
Ru
Sif Muna
Trog
Uskayaw
Vehumet
Wu Jian
Xom
Zin
The Shining One

Shops:
D:4 (   D:8 *


Innate Abilities, Weirdness & Mutations

You have a beak for a mouth.
You have claws for feet.
Your magical nature lets you fly swiftly and evasively.


Message History

The molten gargoyle is severely damaged.
The molten gargoyle misses you.
You barely miss the molten gargoyle. You claw the molten gargoyle.
You peck the molten gargoyle.
The molten gargoyle is severely damaged.
You puncture the molten gargoyle!
You destroy the molten gargoyle!
You now have 9 gold pieces (gained 4).
You see here a +0 mace.
You now have 13 gold pieces (gained 4).
You see here a +0 flail.
A molten gargoyle comes into view. It is wielding a +0 dire flail.
You catch the helpless molten gargoyle completely off-guard!
You impale the molten gargoyle!!
You claw the molten gargoyle, but do no damage.
The molten gargoyle is heavily damaged.
The molten gargoyle closely misses you.
You hit the molten gargoyle but do no damage.
You claw the molten gargoyle!
The molten gargoyle is severely damaged.
The molten gargoyle blasts magma at something!
You hit the molten gargoyle but do no damage.
You claw the molten gargoyle.
The molten gargoyle is almost destroyed.
The molten gargoyle barely misses you.
The molten gargoyle hits you with a +0 dire flail!!
* * * LOW HITPOINT WARNING * * *
You are engulfed in flames!
* * * LOW HITPOINT WARNING * * *
You feel much better. The molten gargoyle barely misses you.
The molten gargoyle closely misses you.
You puncture the molten gargoyle!
You destroy the molten gargoyle!
You now have 20 gold pieces (gained 7).
You hear a sizzling splash.
The molten gargoyle hits you with a +0 mace!!
* * * LOW HITPOINT WARNING * * *
You are engulfed in flames!
You die...
Your body crumbles into a pile of gold.

#..... #....< #.....
#### ######## #.....
#... .......# #.....
#.#.#.#.#.#.#.# #.....
#.#.#.#.#.#..# #.....
#.#..9.§§...#.# #.....
#..≈§@§≈§.#..# #####.
#.#.§§§§≈≈≈.#.########.
#.§≈≈88≈≈.#........##.
#.#.§≈88≈≈≈.#........#.
##.≈§≈≈§≈≈.#.....).[...
#.#.≈≈≈≈≈≈..#..........
##...≈.....#....)......
#.#.#.#.#$#.#..........
##.#.#.#.#.#...........


You could see a molten gargoyle (can't see you).

Vanquished Creatures
  A two-headed ogre (D:8)
  Pikel (D:7)
  3 molten gargoyles (D:9)
  A troll (D:10)
  2 wyverns
  2 vampire mosquitoes (D:9)
  A black bear (D:8)
  2 orc warriors
  3 sky beasts (D:6)
  An ice beast (D:8)
  2 ogres
  4 centaurs
  A phantom (D:7)
  2 kobold brigands
  3 necrophages
  Blork the orc (D:5)
  6 bullfrogs
  A gnoll sergeant (D:9)
  A scorpion (D:5)
  10 wights
  2 jellies
  A killer bee (D:9)
  A howler monkey (D:8)
  7 electric eels (D:8)
  3 orc priests
  A hound (D:4)
  Jessica (D:2)
  An iguana (D:5)
  4 orc wizards
  6 adders
  5 gnolls (D:9)
  2 shadow imps (D:6)
  A worm (D:2)
  6 dart slugs
  21 orcs
  11 ball pythons
  8 endoplasms
  4 giant cockroaches
  7 goblins
  5 hobgoblins
  4 jackals (D:3)
  11 kobolds
  2 quokkas (D:2)
  2 bats (D:1)
  15 frilled lizards
  6 rats
185 creatures vanquished.

Vanquished Creatures (collateral kills)
  3 wights (D:6)
3 creatures vanquished.

Vanquished Creatures (others)
  A wyvern (D:9)
  A fungus (D:3)
  17 plants
19 creatures vanquished.

Grand Total: 207 creatures vanquished

Notes
Turn   | Place    | Note
-------+----------+-------------------------------------------
     0 | D:1      | Shayle the Tengu Brigand began the quest for the Orb.
     0 | D:1      | Reached XP level 1. HP: 12/12 MP: 2/2
   186 | D:1      | Reached XP level 2. HP: 17/17 MP: 3/3
   357 | D:1      | Reached skill level 1 in Spellcasting
   545 | D:1      | Reached XP level 3. HP: 21/22 MP: 5/5
  1121 | D:2      | Noticed Jessica
  1125 | D:2      | Killed Jessica
  1126 | D:2      | Reached XP level 4. HP: 19/27 MP: 5/7
  1219 | D:2      | Reached skill level 3 in Fighting
  1223 | D:2      | Found a sacrificial altar of Ru.
  1932 | D:2      | Found a faded altar of an unknown god.
  1946 | D:2      | Gained mutation: Your magical nature lets you fly swiftly
                  | and evasively. [Tengu growth]
  1946 | D:2      | Reached XP level 5. HP: 31/32 MP: 9/9
  2556 | D:3      | Found a blossoming altar of Fedhas.
  2660 | D:3      | Found a stormy altar of Qazlal.
  3128 | D:3      | Learned a level 1 spell: Beastly Appendage
  3136 | D:4      | Noticed a kobold brigand
  3155 | D:3      | Killed a kobold brigand
  3479 | D:4      | Reached XP level 6. HP: 35/38 MP: 8/10
  3630 | D:4      | Reached skill level 1 in Transmutations
  3637 | D:4      | Found a staircase to the Ecumenical Temple.
  3643 | Temple   | Entered the Ecumenical Temple
  3699 | Temple   | Became a worshipper of Gozag Ym Sagoz the Greedy
  3739 | D:4      | Found Vearusme's Antique Weapon Shoppe.
  4018 | D:4      | Reached skill level 4 in Fighting
  4292 | D:5      | Entered Level 5 of the Dungeon
  4489 | D:5      | Found an ancient bone altar of Kikubaaqudgha.
  4516 | D:5      | Reached XP level 7. HP: 41/43 MP: 12/12
  4607 | D:5      | Found a hide-covered altar of Uskayaw.
  4768 | D:5      | Noticed Blork the orc
  4783 | D:5      | Killed Blork the orc
  5224 | D:6      | Reached skill level 5 in Dodging
  5224 | D:6      | Reached XP level 8. HP: 31/48 MP: 13/15
  5338 | D:6      | Reached skill level 5 in Fighting
  5880 | D:6      | Upgraded the game from 0.29-a0-344-ge2f44be95a to
                  | 0.29-a0-350-g7790a0e70a
  6337 | D:7      | Reached skill level 5 in Spellcasting
  6346 | D:7      | Reached skill level 6 in Fighting
  6346 | D:7      | Reached XP level 9. HP: 41/55 MP: 17/17
  6578 | D:6      | Learned a level 2 spell: Wereblood
  6582 | D:6      | Learned a level 3 spell: Mephitic Cloud
  6586 | D:6      | Learned a level 3 spell: Ignite Poison
  6592 | D:6      | Learned a level 5 spell: Freezing Cloud
  6749 | D:7      | Reached skill level 1 in Conjurations
  6749 | D:7      | Reached skill level 1 in Air Magic
  6795 | D:7      | Reached skill level 1 in Poison Magic
  6795 | D:7      | Reached skill level 1 in Evocations
  7358 | D:8      | Noticed Pikel
  7381 | D:7      | Killed Pikel
  7491 | D:8      | Found a shadowy altar of Dithmenos.
  7596 | D:8      | Found Zin's Purification Station.
  7597 | D:8      | Found a glowing silver altar of Zin.
  7682 | D:8      | Reached skill level 7 in Fighting
  7800 | D:8      | Found a shimmering altar of Xom.
  7818 | D:8      | Found a burning altar of Makhleb.
  7868 | D:8      | Reached XP level 10. HP: 38/63 MP: 18/18
  8434 | D:8      | Noticed a two-headed ogre
  8444 | D:8      | Killed a two-headed ogre
  8445 | D:8      | Reached skill level 5 in Conjurations
  8445 | D:8      | Reached skill level 5 in Air Magic
  8504 | D:8      | Found a sacrificial altar of Ru.
  8851 | D:9      | Noticed a molten gargoyle
  8852 | D:9      | Noticed a molten gargoyle
  8857 | D:9      | Noticed a molten gargoyle
  9184 | D:9      | Found a glowing golden altar of the Shining One.
  9295 | D:9      | Found a broken altar of Ashenzari.
  9451 | D:10     | Entered Level 10 of the Dungeon
  9846 | D:10     | Found a staircase to the Lair.
 10134 | D:9      | Killed a molten gargoyle
 10135 | D:9      | Reached skill level 8 in Fighting
 10140 | D:9      | Killed a molten gargoyle
 10150 | D:9      | Noticed a molten gargoyle
 10161 | D:9      | Killed a molten gargoyle
 10161 | D:9      | Slain by a molten gargoyle

Illustrated notes

Levels and vault maps discovered:
D:1:      giann_horns, layout_basic, hangedman_feature_mirror,
          minmay_lizard_king
D:2:      minmay_evil_eye, layout_basic, basic_ecumenical_altar, basic_altar,
          minmay_tetromino_o4, uniq_jessica
D:3:      layout_loops_cross, grunt_qazlal_clouds, fedhas_altar_3, st_stairs_1
D:4:      layout_loops_ring, minmay_temple_entry_wispy, serial_shops,
          kennysheep_little_box
D:5:      layout_gridville, mainiacjoe_overflow_boulevard,
          kiku_gazebo_pond_becter, uniq_blork_the_orc
D:6:      layout_loops_ring
D:7:      layout_rooms
D:8:      layout_gridville, old_standard_altar, xom_teletrap_fun,
          mainiacjoe_overflow_catwalk, mainiacjoe_overflow_six_doors_small,
          zin_purify, serial_bayou, serial_bayou_lake_a, serial_bayou_pond_d,
          serial_bayou_pond_c, serial_bayou_pond_c, minmay_statues_item,
          uniq_pikel
D:9:      layout_rooms, lemuel_mausoleum_altar_yredelemnul, tso_altar,
          marbit_many_paths, minivault_8
D:10:     dragon1_lemuel, layout_rooms, dpeg_oklobed_lair, serial_shops,
          nicolae_inconvenience_store
Temple:   eino_wide_crystal_templ

Skill      XL: |  1  2  3  4  5  6  7  8  9 10 |
---------------+-------------------------------+-----
Spellcasting   | 1 2 3 4 5 |  5.3
Dodging        | 2 3 4 5 6 |  6.4
Fighting       | 3 4 6 7 8 |  8.0
Transmutations | 1 2 3 4 |  4.0
Conjurations   | 4 6 |  6.3
Air Magic      | 4 6 |  6.3
Poison Magic   | 3 4 |  4.7
Evocations     | 3 4 |  4.7
Short Blades   | |  2.1
Throwing       | |  2.0
Stealth        | |  4.0

Action                   |  1- 3 |  4- 6 |  7- 9 | 10-12 || total
-------------------------+-------+-------+-------+-------++-------
Melee: Dagger            |    54 |   164 |   215 |    93 ||   526
       Kick              |    13 |    31 |    77 |    37 ||   158
       Peck              |     4 |    16 |    36 |    25 ||    81
       Headbutt          |       |     1 |       |       ||     1
       Punch             |       |       |       |     3 ||     3
Throw: Dart              |     1 |       |     3 |     5 ||     9
 Cast: Beastly Appendage |       |     2 |       |       ||     2
       Mephitic Cloud    |       |       |     1 |       ||     1
Invok: Potion Petition   |       |       |     2 |     1 ||     3
Evoke: Wand              |       |       |     4 |    21 ||    25
  Use: Potion            |       |     2 |     1 |     2 ||     5
       Scroll            |       |     4 |     1 |       ||     5
 Stab: Sleeping          |     7 |    15 |     3 |       ||    25
       Confused          |       |       |     2 |       ||     2
       Distracted        |       |       |     1 |       ||     1
       Invisible         |       |       |       |     3 ||     3
Armor: Robe              |    11 |     7 |       |       ||    18
       Skin              |       |    10 |       |       ||    10
       Ring mail         |       |     9 |       |       ||     9
       Leather armour    |       |    10 |    64 |    20 ||    94
Dodge: Dodged            |    23 |    70 |   120 |    96 ||   309

Table legend: (Time is in decaauts)
 A = Elapsed time spent in this place.
 B = Non-inter-level travel time spent in this place.
 C = Inter-level travel time spent in this place.
 D = Time resting spent in this place.
 E = Time spent auto-exploring this place.
 F = Levels seen in this place.
 G = Mean time per level.
                   A        B        C        D        E       F      G
               +--------+--------+--------+--------+--------+-----+--------+
         Total |   9678 |   9468 |    210 |   2004 |   5230 |  11 |  879.8 |
       Dungeon |   9621 |   9426 |    195 |   2004 |   5196 |  10 |  962.1 |
        Temple |     56 |     42 |     14 |      0 |     34 |   1 |   56.0 |
               +--------+--------+--------+--------+--------+-----+--------+

Top non-repeatable levels by time:
     D:2: 1368 daAuts
     D:8: 1328 daAuts
     D:6: 1242 daAuts
     D:1: 1108 daAuts
     D:7: 1038 daAuts
     D:3: 840 daAuts
     D:5: 782 daAuts
     D:9: 770 daAuts
     D:4: 724 daAuts
    D:10: 417 daAuts
  Temple: 56 daAuts
